 Dungeon Crawl Stone Soup version 0.20.1-1-g8b1a95d (webtiles) character file.

921 Linguinho the Ruffian (level 7, -11/67 HPs)
             Began as a Troll Monk on Nov 13, 2017.
             Mangled by a two-headed ogre
             ... wielding a +0 giant club
              (22 damage)
             ... on level 5 of the Dungeon.
             The game lasted 00:06:24 (3763 turns).

Linguinho the Ruffian (Troll Monk)                  Turns: 3763, Time: 00:06:24

Health: -11/67     AC:  5    Str: 20 (22) XL:     7   Next: 84%
Magic:  6/6        EV: 11    Int:  5 (6)  God:
Gold:   251        SH:  0    Dex: 10 (12) Spells: 6/6 levels left

rFire    . . .     SeeInvis .     - Unarmed
rCold    . . .     Gourm    +   (no shield)
rNeg     . . .     Faith    .   a - +0 robe
rPois    .         Spirit   .   (helmet restricted)
rElec    .         Reflect  .   (no cloak)
rCorr    .         Harm     .   (gloves unavailable)
MR       .....                  (boots unavailable)
Stlth    ++........             (no amulet)
Regen    0.7/turn               (no ring)
MPRegen  0.1/turn               (no ring)

@: no status effects
A: unfitting armour, claws 3, fast metabolism 3, gourmand, regeneration 1,
shaggy fur 1, tough skin 2
a: no special abilities


You were on level 5 of the Dungeon.
You were not hungry.

You visited 1 branch of the dungeon, and saw 5 of its levels.

You collected 251 gold pieces.

Inventory:

Armour
 a - a +0 robe (worn)
Jewellery
 r - the ring "Ugitwen" {-Tele +Fly rF+ rC+++ Str-4 SInv, unknown}
   (You found it on level 4 of the Dungeon)

   [ring of protection from fire]

   It affects your strength (-4).
   It protects you from fire.
   It renders you almost immune to cold.
   It lets you see invisible.
   It lets you fly.
   It prevents most forms of teleportation.
Scrolls
 c - 2 scrolls of identify {unknown}
 d - 2 scrolls of enchant weapon {unknown}
 f - a scroll of recharging {unknown}
 h - 5 scrolls of teleportation
 k - 3 scrolls of immolation
 l - 3 scrolls of remove curse {unknown}
 p - a scroll of random uselessness {unknown}
 q - a scroll of fog {unknown}
 s - a scroll of blinking {unknown}
 u - a scroll of amnesia {unknown}
 v - a scroll of noise {unknown}
Potions
 g - 3 potions of curing
 n - a potion of flight
 o - a potion of lignification {unknown}
 t - a potion of berserk rage {unknown}
 w - a potion of cancellation {unknown}
Comestibles
 b - 6 bread rations
 i - 9 fruits
 j - 4 meat rations


   Skills:
 + Level 3.5 Fighting
 + Level 3.9 Dodging
 - Level 1.5 Stealth
 + Level 7.9 Unarmed Combat


You had 6 spell levels left.
You didn't know any spells.

Dungeon Overview and Level Annotations

Branches:
Dungeon (5/15)
 Temple: D:4-7

Altars:
Kikubaaqudgha
Okawaru
Ru
Uskayaw
The Shining One


Innate Abilities, Weirdness & Mutations

You are too large for most types of armour.
You have claws for hands.
Your metabolism is lightning-fast.
You like to eat raw meat.
Your natural rate of healing is unusually fast.
You are covered in fur. (AC +1)
You have very tough skin. (AC +2)


Message History

You barely miss the orc wizard.
The orc wizard hits you but does no damage.
The orc hits you with a hand axe! The orc wizard hits you with a dagger.
You claw the orc wizard!
You kill the orc wizard!
The orc hits you but does no damage.
You barely miss the orc. The orc barely misses you.
You barely miss the orc. The orc wizard casts a spell at you.
The puff of frost hits you!
You completely miss the orc. The orc hits you with a hand axe.
You mangle the two-headed ogre!!
The two-headed ogre is moderately wounded.
The two-headed ogre hits you with a giant club!!
The two-headed ogre hits you with a giant club!
* * * LOW HITPOINT WARNING * * *
The orc hits you with a hand axe.
* * * LOW HITPOINT WARNING * * *
The two-headed ogre hits you with a giant club!!
You die...

#.......# #.......#
###.....## ####.......##
............# ...)........#
............#
.#####......##############
..###.....#.[...@..^.....#
....#.########..oO.......####
.##...#########.............#
...##............o..........#
.#......####................#
.####.#.............<.......#
## #.####.###............).#
# #.#....# #..............#
####.#.######..............#


You could see a two-headed ogre, an orc wizard and an orc.

Vanquished Creatures
  Sigmund (D:2)
  2 ogres (D:5)
  A bullfrog (D:4)
  A scorpion (D:4)
  An orc priest (D:3)
  2 orc wizards
  2 hounds
  A bullfrog skeleton (D:5)
  An iguana (D:4)
  A worker ant (D:4)
  A gnoll (D:4)
  11 adders
  3 oozes
  2 worms
  3 dart slugs
  8 leopard geckos
  12 orcs
  8 ball pythons
  6 bats
  2 giant cockroaches (D:1)
  10 goblins
  10 hobgoblins
  2 kobolds
  3 quokkas
  6 frilled lizards
  A jackal skeleton (D:5)
  5 rats
106 creatures vanquished.

Notes
Turn   | Place    | Note
-------+----------+-------------------------------------------
     0 | D:1      | Linguinho the Troll Monk began the quest for the Orb.
     0 | D:1      | Reached XP level 1. HP: 22/22 MP: 0/0
   105 | D:1      | Reached XP level 2. HP: 23/29 MP: 1/1
   443 | D:1      | You fall through a shaft!
   467 | D:2      | Reached XP level 3. HP: 33/36 MP: 2/2
   520 | D:2      | Noticed Sigmund
   531 | D:2      | Killed Sigmund
   531 | D:2      | Reached skill level 4 in Unarmed Combat
   531 | D:2      | Reached XP level 4. HP: 16/45 MP: 3/3
   531 | D:2      | Reached XP level 5. HP: 19/53 MP: 4/4
   675 | D:2      | Found an ancient bone altar of Kikubaaqudgha.
   700 | D:2      | Reached skill level 5 in Unarmed Combat
  1219 | D:2      | Reached XP level 6. HP: 59/61 MP: 5/5
  2426 | D:4      | Found a glowing golden altar of the Shining One.
  2467 | D:4      | Found an iron altar of Okawaru.
  2474 | D:4      | Reached skill level 6 in Unarmed Combat
  2576 | D:4      | Reached XP level 7. HP: 61/67 MP: 6/6
  2658 | D:4      | Found a hide-covered altar of Uskayaw.
  2738 | D:4      | Got a coiled platinum ring
  2992 | D:5      | Entered Level 5 of the Dungeon
  3001 | D:5      | Found a sacrificial altar of Ru.
  3033 | D:5      | Reached skill level 7 in Unarmed Combat
  3235 | D:5      | Noticed a two-headed ogre
  3281 | D:5      | HP: 3/67 [two-headed ogre/giant club (14)]
  3751 | D:5      | HP: 3/67 [orc/hand axe (6)]
  3763 | D:5      | Mangled by a two-headed ogre

Skill      XL: |  1  2  3  4  5  6  7 |
---------------+----------------------+-----
Fighting       | 3 |  3.5
Dodging        | 3 |  3.9
Unarmed Combat | 4 5 6 7 |  7.9
Stealth        | |  1.5

Action                   |  1- 3 |  4- 6 |  7- 9 || total
-------------------------+-------+-------+-------++-------
Melee: Unarmed           |    55 |   162 |    62 ||   279
       Punch             |     1 |     7 |     2 ||    10
  Use: Potion            |       |       |     4 ||     4
       Scroll            |       |       |     2 ||     2
 Stab: Sleeping          |     3 |     5 |     2 ||    10
  Eat: Chunk             |    10 |    18 |     5 ||    33
Armor: Robe              |    18 |    50 |    11 ||    79
Dodge: Dodged            |    23 |   101 |    25 ||   149
